 Dungeon Crawl Stone Soup version 0.21-a0-369-g397cdb2 (webtiles) character file.

1123 theanonym the Covert (level 8, -3/35 (37) HPs)
             Began as a Spriggan Assassin on Oct 15, 2017.
             Killed by divine providence
             ... invoked by an orc priest
              (14 damage)
             ... on level 6 of the Dungeon.
             The game lasted 00:30:35 (7891 turns).

theanonym the Covert (Spriggan Assassin)            Turns: 7891, Time: 00:30:36

HP:   -3/35 (37)    AC:  8    Str:  7    XL:     8   Next: 13%
MP:   9/9           EV: 23    Int: 12    God:
Gold: 361           SH:  0    Dex: 20    Spells: 7/7 levels left

rFire    . . .     SeeInvis +   a - +3 dagger
rCold    . . .     Gourm    .   (shield restricted)
rNeg     . . .     Faith    .   c - +0 robe
rPois    +         Spirit   .   (helmet restricted)
rElec    .         Reflect  .   d - +0 cloak
rCorr    .         Harm     .   (gloves unavailable)
MR       +....                  (boots unavailable)
Stlth    +++++.....             (no amulet)
HPRegen  0.11/turn              w - ring of poison resistance
MPRegen  0.11/turn              x - +5 ring of protection

@: drained, very quick
A: unfitting armour, see invisible, herbivore 3, speed 3, slow metabolism 2
a: no special abilities


You were on level 6 of the Dungeon.
You were not hungry.

You visited 2 branches of the dungeon, and saw 7 of its levels.

You collected 361 gold pieces.

Inventory:

Hand Weapons
 a - a +3 dagger (weapon)
 b - a +0 blowgun
 E - a +0 short sword
   (You found it on level 5 of the Dungeon)
Missiles
 G - 2 throwing nets (quivered)
Armour
 c - a +0 robe (worn)
 d - a +0 cloak (worn)
 l - a +0 buckler
   (You found it on level 1 of the Dungeon)
Jewellery
 w - a ring of poison resistance (left hand)
   (You found it on level 2 of the Dungeon)
 x - a +5 ring of protection (right hand)
   (You found it on level 2 of the Dungeon)
 y - an uncursed ring of protection from fire
   (You found it on level 3 of the Dungeon)
 A - an uncursed ring of resist corrosion
   (You found it on level 6 of the Dungeon)
 I - an uncursed amulet of guardian spirit {unknown}
   (You found it on level 5 of the Dungeon)
Wands
 B - a wand of random effects (9/48)
   (You found it on level 4 of the Dungeon)
 C - a wand of iceblast (4/15)
   (You found it on level 4 of the Dungeon)
Scrolls
 h - 4 scrolls of teleportation
 m - 5 scrolls of remove curse
 q - a scroll of fog {!r}
 s - a scroll of immolation
 v - a scroll of magic mapping
 D - 2 scrolls of random uselessness {unknown}
 F - a scroll of recharging {unknown}
Potions
 i - 2 potions of might {unknown}
 j - a potion of ambrosia {unknown}
 k - a potion of degeneration {unknown}
 n - 2 potions of heal wounds {unknown}
 o - a potion of flight {unknown}
 p - 2 potions of berserk rage {unknown}
 t - a potion of invisibility {unknown}
 u - a potion of curing {unknown}
 z - a potion of magic {unknown}
 J - a potion of lignification {unknown}
Comestibles
 g - 3 bread rations
 r - a royal jelly
 H - 4 fruits


   Skills:
 - Level 1.5(1.3) Fighting
 + Level 6.0(5.7) Short Blades
 - Level 2.0(1.7) Throwing
 + Level 7.4(7.1) Dodging
 + Level 9.9(9.6) Stealth
 + Level 2.3(2.1) Shields


You had 7 spell levels left.
You didn't know any spells.

Dungeon Overview and Level Annotations

Branches:
Dungeon (6/15)             Temple (1/1) D:4

Altars:
Cheibriados
Elyvilon
Fedhas
Gozag
Hepliaklqana
Kikubaaqudgha
Makhleb
Qazlal
Ru
Sif Muna
Trog
Uskayaw
Wu Jian
Xom
Yredelemnul
Zin

Shops:
D:5 (   D:6 %

Annotations:
D:4 exclusion: Sigmund, Sigmund


Innate Abilities, Weirdness & Mutations

You are very small and have problems with some larger weapons.
You are too small for most types of armour.
You have supernaturally acute eyesight. (SInv)
You are a herbivore.
You cover ground extremely quickly.
You need consume almost no food.


Message History

The curare-tipped needle hits the orc warrior.
The orc warrior is poisoned.
The orc warrior convulses.
The orc warrior seems to slow down.
The orc warrior shouts!
The orc shouts!
Aim: an orc warrior, wielding a war axe and wearing a chain mail (moderately wounded, slow, poisoned)
You throw a throwing net.
The throwing net closely misses the orc warrior.
Unknown command.
a - a +3 dagger (weapon)
The orc shouts!
You hit the orc warrior but do no damage.
The orc warrior hits you with a war axe.
You take 6 damage, and have 29/35 hp.
You hit the orc warrior but do no damage.
You hit the orc warrior but do no damage.
The orc warrior hits you with a war axe.
You take 5 damage, and have 24/35 hp.
You barely miss the orc warrior.
The orc warrior looks more healthy.
The orc warrior is no longer moving slowly.
Aim: an orc warrior, wielding a war axe and wearing a chain mail (severely wounded)
You throw a throwing net. The throwing net hits the orc warrior.
The orc warrior is caught in the net!
The orc warrior struggles against the net.
The orc warrior struggles against the net.
The orc warrior struggles against the net.
You strike the helpless orc warrior from behind!
You impale the orc warrior!!
You kill the orc warrior!
Your base Short Blades skill increases to level 6!
You closely miss the orc. You hit the orc. The orc completely misses you.
You hit the orc.
You kill the orc!
You closely miss the orc. The orc hits you but does no damage.
You hit the orc. You barely miss the orc. The orc misses you.
Unknown command.
You hit the orc. The orc completely misses you.
You hit the orc.
You kill the orc!
m - 5 scrolls of remove curse (gained 1)
G - a throwing net
Items here: )) [ † a flail; a war axe; a chain mail; an orc corpse You start resting.
Health restored: 35
Items here: )) [ † a flail; a war axe; a chain mail; an orc corpse You see here a throwing net.
b - a +0 blowgun (weapon)
a - a +3 dagger (weapon)
The orc shouts!
You see here a curare-tipped needle.
You hit the orc. You closely miss the orc. The orc hits you but does no damage.
You hit the orc.
You kill the orc!
Found 10 sling bullets.
There is an entrance to Kuimufub's Food Shoppe here.
Unknown command.
f - a curare-tipped needle You now have 361 gold pieces (gained 11).
G - 2 throwing nets (gained 1)
You see here 13 gold pieces.
There is an open door here.
Found a stone staircase leading up.
b - a +0 blowgun (weapon)
You see here 10 sling bullets.
Aim: an orc priest, wearing a chain mail (hasn't noticed you)
You shoot a curare-tipped needle.
The curare-tipped needle completely misses the orc priest.
The orc priest shouts!
a - a +3 dagger (weapon)
The orc priest hits you but does no damage.
You barely miss the orc priest.
The orc priest mumbles some strange prayers to Beogh against you.
Beogh smites you!
You take 10 damage, and have 25/35 hp.
MASSIVE DAMAGE!!
You closely miss the orc priest.
You hit the orc priest but do no damage.
The orc priest completely misses you.
You barely miss the orc priest. The orc priest misses you.
You barely miss the orc priest.
You hit the orc priest but do no damage.
The orc priest invokes the aid of Beogh against you.
Beogh smites you!
* * * LOW HITPOINT WARNING * * *
You take 13 damage, and have 12/35 hp.
MASSIVE DAMAGE!!
You hit the orc priest but do no damage.
The orc priest calls down the wrath of Beogh upon you.
Pain shoots through your body!
* * * LOW HITPOINT WARNING * * *
You take 1 damage, and have 11/35 hp.
Unknown command.
The orc priest calls down the wrath of Beogh upon you.
Beogh smites you!
You die...

####.# #.#..........# #.. .....#
#.#...)......# #..
#########............##########..
,,............#####..............
,,<...........#####.###########..
,,........∩...'.................#
,,............#####....(...z.##.#
**#######.....#####o........,*#.#
#......(@...$.......,*#.#
#...................,*#.#
#...................,*#h#
#.....#####.........,*#.# #.....#
#.........,**,* #.....#
###..#####***,* ####### *,...#
*,* *,...# *,* *,,,,* *,*


You could see an orc priest.

Vanquished Creatures
  An orc warrior (D:6)
  A necrophage (D:6)
  An ogre (D:5)
  A big kobold (D:5)
  A bullfrog (D:6)
  A scorpion (D:4)
  3 wights (D:6)
  2 crimson imps (D:6)
  A bullfrog zombie (D:6)
  A hound (D:4)
  An orc priest (D:5)
  An orc wizard (D:5)
  A centaur skeleton (D:4)
  3 worker ants
  2 hound skeletons
  10 adders
  A howler monkey skeleton (D:5)
  5 oozes
  2 worms (D:3)
  3 dart slugs
  5 leopard geckos
  8 orcs
  8 bats
  2 giant cockroaches
  5 goblins
  3 hobgoblins
  15 jackals
  5 quokkas
  A ball python (D:1)
  6 frilled lizards
  A jackal skeleton (D:4)
  17 kobolds
  A quokka skeleton (D:6)
  9 rats
128 creatures vanquished.

Notes
Turn   | Place    | Note
-------+----------+-------------------------------------------
     0 | D:1      | theanonym the Spriggan Assassin began the quest for the Orb.
     0 | D:1      | Reached XP level 1. HP: 10/10 MP: 2/2
    57 | D:1      | Reached skill level 2 in Dodging
    57 | D:1      | Reached skill level 6 in Stealth
   285 | D:1      | Reached XP level 2. HP: 5/14 MP: 3/3
   844 | D:1      | Reached XP level 3. HP: 18/18 MP: 4/4
   879 | D:1      | Reached skill level 3 in Short Blades
   976 | D:1      | Reached skill level 3 in Dodging
  2445 | D:2      | Found a faded altar of an unknown god.
  2691 | D:2      | Reached XP level 4. HP: 21/22 MP: 5/5
  2865 | D:3      | Reached skill level 7 in Stealth
  3023 | D:3      | Reached skill level 4 in Dodging
  3135 | D:3      | Reached XP level 5. HP: 25/25 MP: 6/6
  3240 | D:3      | You fall through a shaft for 3 floors!
  3280 | D:5      | Entered Level 5 of the Dungeon
  3362 | D:6      | Noticed an orc warrior
  3393 | D:6      | Reached skill level 4 in Short Blades
  3393 | D:6      | Reached skill level 1 in Shields
  4005 | D:6      | Reached XP level 6. HP: 15/30 MP: 7/7
  4384 | D:6      | Found Kuimufub's Food Shoppe.
  4428 | D:6      | HP: 3/30 [necrophage (4)]
  4827 | D:6      | Reached skill level 5 in Dodging
  4827 | D:6      | Reached skill level 8 in Stealth
  5756 | D:4      | Found a staircase to the Ecumenical Temple.
  5768 | Temple   | Entered the Ecumenical Temple
  6044 | D:4      | Reached XP level 7. HP: 33/33 MP: 8/8
  6188 | D:4      | Reached skill level 5 in Short Blades
  6188 | D:4      | Reached skill level 6 in Dodging
  6216 | D:4      | Found a shimmering altar of Xom.
  6217 | D:4      | Found an ornate altar of the Wu Jian Council.
  6286 | D:4      | Noticed Sigmund
  6599 | D:5      | Reached skill level 9 in Stealth
  6751 | D:5      | Found Cesytuacha's Weapon Shop.
  6920 | D:5      | Found an ancient bone altar of Kikubaaqudgha.
  7170 | D:5      | Reached skill level 2 in Shields
  7374 | D:6      | Reached skill level 7 in Dodging
  7443 | D:6      | Reached XP level 8. HP: 29/35 MP: 9/9
  7718 | D:6      | Reached skill level 6 in Short Blades
  7891 | D:6      | Killed from afar by an orc priest

Vault maps used:
D:1:      nagdon_arrival_zigzag_paths, minmay_misc_feat_hallway
D:2:      chequers_ecumenical_altar_simple_redux
D:3:      first_bread
D:4:      xom_teletrap_fun, overflow_temple_1_default,
          minmay_temple_entry_statues, uniq_sigmund
D:5:      kiku_gazebo_garden_becter, serial_shops, shop, kennysheep_potato
D:6:      marbit_many_paths, serial_shops, shop
Temple:   nicolae_temple_figure_eight

Skill      XL: |  1  2  3  4  5  6  7  8 |
---------------+-------------------------+-----
Dodging        | 2 3 4 5 7 |  7.4
Stealth        | 6 7 8 9 |  9.9
Short Blades   | 3 4 5 6 |  6.0
Shields        | 1 2 |  2.3
Fighting       | |  1.5
Throwing       | |  2.0

Action                   |  1- 3 |  4- 6 |  7- 9 || total
-------------------------+-------+-------+-------++-------
Melee: Dagger            |   175 |   313 |    93 ||   581
       Short sword       |       |       |    97 ||    97
       Rapier            |       |       |    48 ||    48
 Fire: Blowgun           |     2 |    19 |    18 ||    39
Throw: Throwing net      |       |       |     2 ||     2
  Use: Scroll            |     2 |     7 |       ||     9
 Stab: Sleeping          |    15 |    12 |     6 ||    33
       Distracted        |     1 |     1 |     1 ||     3
       Held in net/web   |       |       |     1 ||     1
  Eat: Bread ration      |       |     1 |       ||     1
Armor: Robe              |    18 |    32 |    26 ||    76
Dodge: Dodged            |   135 |   196 |   180 ||   511
Block: Buckler           |     4 |    58 |       ||    62

Table legend:
 A = Spawn XP
 B = Non-spawn XP
 C = Spawn XP percentage of total XP
 D = Spawn monster count
 E = Non-spawn monster count
 F = Spawn count percentage of total count
 G = Total turns spent on level
                    A         B        C        D         E        F      G
               +---------+---------+-------+---------+---------+-------+---------
         Total |       0 |    1605 |   0.0 |       0 |     128 |   0.0 |  7891
               +---------+---------+-------+---------+---------+-------+---------
           D:1 |       0 |      58 |   0.0 |       0 |      27 |   0.0 |  2039
           D:2 |       0 |      51 |   0.0 |       0 |      19 |   0.0 |   668
           D:3 |       0 |     111 |   0.0 |       0 |      25 |   0.0 |   765
           D:4 |       0 |     288 |   0.0 |       0 |      13 |   0.0 |   659
           D:5 |       0 |     400 |   0.0 |       0 |      22 |   0.0 |   926
           D:6 |       0 |     697 |   0.0 |       0 |      22 |   0.0 |  2647
               +---------+---------+-------+---------+---------+-------+---------
